 Dungeon Crawl Stone Soup version 0.31-a0-152-g6aa68a64a1 (webtiles) character file.

Game seed: 14824859385439122268

816 qw the Skirmisher (level 7, -15/61 HPs)
             Began as a Minotaur Hunter on June 9, 2023.
             Demolished by Duvessa
             ... wielding a +0 short sword
              (16 damage)
             ... on level 4 of the Dungeon.
             The game lasted 00:01:29 (3215 turns).

qw the Skirmisher (Minotaur Hunter)                 Turns: 3215, Time: 00:01:30

Health: -15/61     AC:  6    Str: 16    XL:     7   Next: 62%
Magic:  6/6        EV: 12    Int:  6    God:
Gold:   168        SH:  0    Dex: 15    Spells: 6/6 levels left

rFire   . . .        Y - +1 shortbow
rCold   . . .        (shield currently unavailable)
rNeg    . . .        k - +0 troll leather armour {Pargi}
rPois   .            (helmet restricted)
rElec   .            d - +0 cloak
rCorr   +            (no gloves)
SInv    +            h - +0 pair of boots
Will    .....        (no amulet)
Stlth   +            i - ring of resist corrosion
HPRegen 1.10/turn    g - ring of see invisible
MPRegen 0.10/turn

%: no passive effects
@: no status effects
A: horns 2, retaliatory headbutt
a: no special abilities


You were on level 4 of the Dungeon.
You visited 1 branch of the dungeon, and saw 4 of its levels.

You collected 168 gold pieces.


Innate Abilities, Weirdness & Mutations

You have a pair of horns on your head.
You reflexively headbutt those who attack you in melee.


   Skills:
 + Level 5.0 Fighting
 - Level 9.0 Ranged Weapons
 - Level 2.3 Armour
 - Level 3.0 Dodging
 - Level 0.7 Stealth


You had 6 spell levels left.
You didn't know any spells.
Your spell library was empty.

Inventory:

Hand Weapons
 Y - a +1 shortbow (weapon)
Armour
 d - a +0 cloak (worn)
 h - a +0 pair of boots (worn)
 k - a +0 troll leather armour (worn) {Pargi}
Jewellery
 a - a +6 ring of intelligence
 g - a ring of see invisible (right hand)
 i - a ring of resist corrosion (left hand)
Potions
 b - a potion of curing {unknown}
 e - a potion of haste {unknown}
 j - 2 potions of lignification {unknown}

Dungeon Overview and Level Annotations

Branches:
Dungeon (4/15)
 Temple: D:4-7

Altars:
Fedhas

Shops:
D:2 :

Annotations:
D:4 2 transporters, Duvessa; qw's ghost, amateur MiHu


Message History

You shoot an arrow. The arrow hits Duvessa.
Duvessa is moderately wounded.
You shoot an arrow. The arrow hits Duvessa.
Duvessa is moderately wounded.
Duvessa barely misses you. Duvessa hits you with a +0 short sword.
You shoot an arrow. The arrow hits Duvessa.
Duvessa is moderately wounded.
Dowan misses you. You furiously retaliate!
You headbutt Dowan. Duvessa closely misses you.
You shoot an arrow. The arrow misses Dowan.
Duvessa barely misses you. Dowan hits you but does no damage.
Duvessa hits you but does no damage.
You shoot an arrow. The arrow hits Dowan.
Dowan is moderately wounded.
Dowan barely misses you. Duvessa hits you but does no damage.
You shoot an arrow. The arrow hits Dowan!
Dowan is severely wounded.
Duvessa hits you with a +0 short sword! Dowan misses you.
You furiously retaliate!
You headbutt Dowan!
You kill Dowan!
Duvessa weeps, and shakes her weapon.
Duvessa goes berserk!
Duvessa barely misses you.
Your Ranged Weapons skill increases to level 9!
You shoot an arrow. The arrow hits Duvessa.
Duvessa is heavily wounded.
Duvessa hits you with a +0 short sword!
You shoot an arrow. The arrow hits Duvessa.
Duvessa is heavily wounded.
Duvessa hits you with a +0 short sword. Duvessa hits you with a +0 short sword!
You shoot an arrow. The arrow closely misses Duvessa.
Duvessa hits you but does no damage.
You shoot an arrow. The arrow hits Duvessa.
Duvessa is heavily wounded.
Duvessa hits you with a +0 short sword! Duvessa hits you with a +0 short sword.
You shoot an arrow. The arrow closely misses Duvessa.
Duvessa barely misses you. You furiously retaliate!
You headbutt Duvessa. You shoot an arrow. The arrow hits Duvessa!
Duvessa is severely wounded.
Duvessa hits you with a +0 short sword! x2
You die...

#.# ... #.# ...
+## #.# .... ###
..... ###..)#
#@)[.# #e#..!# #.#
..... #.# ....
######## #.#
#+####....... #.##
#.#...#####..
#..###...#.# #.#
##......#..# #.#
#..#..##.#######.#


You could see Duvessa (berserk, fast).

Vanquished Creatures
  Grinder (D:3)
  Eustachio (D:4)
  Pargi (D:3)
  Dowan (D:4)
  A howler monkey (D:4)
  A hound (D:4)
  An orc priest (D:4)
  A sleepcap (D:4)
  Jessica (D:3)
  An iguana (D:4)
  An orc wizard (D:3)
  A gnoll (D:4)
  2 adders
  3 dart slugs
  9 orcs
  10 ball pythons
  7 endoplasms
  5 giant cockroaches
  5 goblins
  13 hobgoblins
  4 jackals (D:3)
  2 quokkas (D:1)
  3 bats
  4 frilled lizards
  5 kobolds
  5 rats
89 creatures vanquished.

Notes
Turn   | Place    | Note
-------+----------+-------------------------------------------
     0 | D:1      | qw the Minotaur Hunter began the quest for the Orb.
     0 | D:1      | Reached XP level 1. HP: 18/18 MP: 0/0
     0 | D:1      | 0 ||| qw: Version: 0.2-a-122-gbc61b45
     0 | D:1      | 0 ||| qw: Game counter: 3483
     0 | D:1      | 0 ||| qw: Always use a shield: true
     0 | D:1      | 0 ||| qw: God list: Okawaru
     0 | D:1      | 0 ||| qw: Allow faded altars: false
     0 | D:1      | 0 ||| qw: Do Orc after D:15 true
     0 | D:1      | 0 ||| qw: Do second Lair branch before Depths: true
     0 | D:1      | 0 ||| qw: Lair rune preference: random
     0 | D:1      | 0 ||| qw: Plans: Normal
     0 | D:1      | 0 ||| PLANNING D:1-11
    58 | D:1      | 58 ||| FLEEEEING.
   114 | D:1      | Reached XP level 2. HP: 25/25 MP: 1/1
   148 | D:1      | Reached skill level 5 in Ranged Weapons
   449 | D:1      | Reached skill level 3 in Fighting
   553 | D:1      | Reached XP level 3. HP: 31/31 MP: 2/2
   856 | D:1      | 856 ||| UPGRADING to +0 ring mail.
   866 | D:1      | 866 ||| DROPPING +0 leather armour.
   867 | D:1      | 867 ||| UPGRADING to ring of resist corrosion.
   868 | D:1      | 868 ||| READING scroll labelled AXKEVE VIECYQ.
   869 | D:1      | 869 ||| READING scroll labelled VUYXKE CAUH.
   870 | D:1      | 870 ||| DROPPING scroll of butterflies.
   921 | D:2      | Found a blossoming altar of Fedhas.
   983 | D:2      | Found Reokh's Book Shop.
  1063 | D:2      | Reached skill level 1 in Armour
  1538 | D:2      | 1538 ||| UPGRADING to ring of see invisible.
  1539 | D:2      | 1539 ||| READING scroll labelled YFFUVE NURED.
  1540 | D:2      | 1540 ||| READING scroll labelled HUTHRILIEFAL.
  1541 | D:2      | 1541 ||| READING scroll labelled TEET IMMERCH.
  1542 | D:2      | 1542 ||| READING scroll labelled JYITRIL BAIF.
  1543 | D:2      | 1543 ||| DRINKING 2 ruby potions.
  1544 | D:2      | 1544 ||| DROPPING potion of degeneration.
  1675 | D:3      | Noticed Grinder
  1690 | D:3      | Reached XP level 4. HP: 31/38 MP: 3/3
  1691 | D:3      | 1691 ||| FLEEEEING.
  1693 | D:3      | 1693 ||| FLEEEEING.
  1701 | D:3      | Paralysed by Grinder for 5 turns
  1712 | D:3      | 1712 ||| FLEEEEING.
  1713 | D:3      | 1713 ||| FLEEEEING.
  1714 | D:3      | 1714 ||| FLEEEEING.
  1715 | D:3      | 1715 ||| FLEEEEING.
  1716 | D:3      | 1716 ||| FLEEEEING.
  1746 | D:3      | Paralysed by Grinder for 3 turns
  1757 | D:3      | Killed Grinder
  1758 | D:3      | Reached skill level 7 in Ranged Weapons
  1758 | D:3      | Reached XP level 5. HP: 21/45 MP: 4/4
  1758 | D:3      | Reached XP level 6. HP: 24/51 MP: 5/5
  2431 | D:3      | Noticed Pargi
  2444 | D:3      | Killed Pargi
  2681 | D:3      | Noticed Jessica
  2683 | D:3      | Killed Jessica
  2704 | D:3      | 2704 ||| UPGRADING to +0 cloak.
  2709 | D:3      | 2709 ||| UPGRADING to +0 pair of boots.
  2714 | D:3      | 2714 ||| UPGRADING to +0 troll leather armour {Pargi}.
  2724 | D:3      | 2724 ||| DROPPING +0 ring mail.
  2725 | D:3      | 2725 ||| READING scroll labelled WYLAYS SAUB.
  2726 | D:3      | 2726 ||| READING scroll labelled XETAT PIXI.
  2729 | D:3      | 2729 ||| READING scroll labelled GIOT BESKI.
  2730 | D:3      | 2730 ||| DRINKING 2 murky green potions.
  2731 | D:3      | 2731 ||| DROPPING potion of attraction.
  2752 | D:4      | Reached skill level 8 in Ranged Weapons
  2816 | D:4      | Reached XP level 7. HP: 61/61 MP: 6/6
  3013 | D:4      | 3013 ||| Stepping ~*~*~tactically~*~*~ (outnumbered).
  3025 | D:4      | Reached skill level 3 in Dodging
  3087 | D:4      | Found a transporter.
  3089 | D:4      | Noticed qw's ghost (amateur MiHu)
  3094 | D:4      | Found a transporter.
  3095 | D:4      | Noticed Eustachio
  3105 | D:4      | 3105 ||| Stepping ~*~*~tactically~*~*~ (outnumbered).
  3181 | D:4      | Killed Eustachio
  3198 | D:4      | Noticed Dowan
  3198 | D:4      | Noticed Duvessa
  3209 | D:4      | Killed Dowan
  3210 | D:4      | Reached skill level 9 in Ranged Weapons
  3213 | D:4      | HP: 11/61 [Duvessa/+0 short sword (16)]
  3215 | D:4      | HP: 1/61 [Duvessa/+0 short sword (8)]
  3215 | D:4      | Demolished by Duvessa

Levels and vault maps discovered:
D:1:      minmay_arrival_nine_rooms, layout_basic, minmay_ruptured
D:2:      layout_basic, serial_shops, shop, minmay_hexomino_r4
D:3:      layout_basic, uniq_grinder, uniq_pargi, uniq_jessica
D:4:      layout_loops_ring, gammafunk_ghost_mausoleum, st_stairs_9,
          minmay_gold_behind_fungi, dk_noncrumbling_3,
          kennysheep_generic_room_8, uniq_duvessa, uniq_eustachio

Skill      XL: |  1  2  3  4  5  6  7 |
---------------+----------------------+-----
Ranged Weapons | 5 7 8 9 |  9.0
Fighting       | 3 5 |  5.0
Armour         | 1 2 |  2.3
Dodging        | 3 |  3.0
Stealth        | |  0.7

Action                     |  1- 3 |  4- 6 |  7- 9 || total
---------------------------+-------+-------+-------++-------
   Fire: Shortbow          |   124 |   123 |   124 ||   371
    Use: Scroll            |     6 |     3 |       ||     9
         Potion            |     1 |     1 |       ||     2
 Armour: Leather armour    |     2 |       |       ||     2
         Ring mail         |     4 |    18 |       ||    22
         Troll leather arm |       |     2 |    37 ||    39
  Dodge: Dodged            |    22 |    38 |    57 ||   117

Table legend:
 A = Non-vault XP
 B = Vault XP
 C = Vault XP percentage of total XP
 D = Non-vault monster count
 E = Vault monster count
 F = Vault count percentage of total count
                 A         B        C        D         E       F
            +---------+---------+-------+---------+---------+-------
      Total |     405 |     762 |  65.3 |      77 |      12 |  13.5
            +---------+---------+-------+---------+---------+-------
        D:1 |      42 |       3 |   6.7 |      21 |       2 |   8.7
        D:2 |      17 |       4 |  19.0 |      12 |       2 |  14.3
        D:3 |      97 |     452 |  82.3 |      27 |       3 |  10.0
        D:4 |     249 |     303 |  54.9 |      17 |       5 |  22.7
            +---------+---------+-------+---------+---------+-------
